 Dungeon Crawl Stone Soup version 0.17.0-23-g0de4337 (webtiles) character file.

1001 kosy22 the Ducker (level 8, 0/79 HPs)
             Began as a Troll Berserker on Nov 8, 2015.
             Was a Priest of Trog.
             Slain by Duvessa
             ... wielding a +0 short sword
              (12 damage)
             ... on level 6 of the Dungeon on Nov 13, 2015.
             The game lasted 00:14:59 (4768 turns).

kosy22 the Ducker (Troll Berserker)                 Turns: 4768, Time: 00:15:00

Health: 0/79       AC:  5    Str: 28    XL:     8   Next: 0%
Magic:  7/7        EV: 12    Int:  3    God:    Trog [***...]
Gold:   110        SH:  0    Dex: 11    Spells: 0 memorised, 7 levels left

rFire  . . .     SeeInvis .     E - +9 dagger of Unreason {freeze, Dex+2}
rCold  . . .     Clarity  .     d - +0 robe {MR+}
rNeg   . . .     SustAt   .     (no shield)
rPois  .         Gourm    +     c - +0 hat
rElec  .         Spirit   .     (no cloak)
rCorr  .         Warding  .     (gloves unavailable)
rMut   .         Stasis   .     (boots unavailable)
MR     +....                    f - amulet of faith
Stlth  +.........               (no ring)
                                (no ring)

@: slowed, very slow, somewhat resistant to hostile enchantments, very
unstealthy
A: unfitting armour, claws 3, fast metabolism 3, gourmand, regeneration 2,
shaggy fur 1, tough skin 2
a: Berserk, Trog's Hand, Burn Spellbooks, Renounce Religion


You were on level 6 of the Dungeon.
You worshipped Trog.
Trog was most pleased with you.
You were not hungry.

You visited 1 branch of the dungeon, and saw 6 of its levels.
You also visited: Ossuary.

You collected 313 gold pieces.
You spent 203 gold pieces at shops.

Inventory:

Hand Weapons
 E - the +9 dagger of Unreason (weapon) {freeze, Dex+2}
   (You bought it in a shop on level 5 of the Dungeon)

   It has been specially enchanted to freeze those struck by it, causing extra
   injury to most foes and up to half again as much damage against particularly
   susceptible opponents.
   It can also slow down cold-blooded creatures.
   It affects your dexterity (+2).
Missiles
 A - 7 large rocks (quivered)
Armour
 a - a +0 animal skin
 c - a +0 hat (worn)
 d - a +0 robe of magic resistance (worn)
Jewellery
 f - an amulet of faith (around neck)
 u - an uncursed ring of ice {unknown}
 C - a +4 ring of intelligence {unknown}
Wands
 r - a wand of confusion (12)
 z - a wand of invisibility (1)
Scrolls
 g - 4 scrolls of identify
 j - 2 scrolls of random uselessness {unknown}
 k - 2 scrolls of blinking {unknown}
 l - 2 scrolls of enchant armour {unknown}
 o - 4 scrolls of teleportation {unknown}
 q - 5 scrolls of recharging {unknown}
 t - a scroll of fear {unknown}
 v - 2 scrolls of magic mapping {unknown}
 w - a scroll of immolation {unknown}
 x - 3 scrolls of remove curse {unknown}
 y - 2 scrolls of amnesia {unknown}
 F - a scroll of silence {unknown}
Potions
 e - a potion of might
 m - 3 potions of haste {unknown}
 p - a potion of agility {unknown}
 s - 2 potions of curing
Comestibles
 b - a bread ration
 h - a fruit
 i - a beef jerky
 B - a meat ration
 D - a slice of pizza


   Skills:
 + Level 4.3 Fighting
 + Level 6.0 Dodging
 + Level 1.0 Stealth
 + Level 5.2 Unarmed Combat


You had 7 spell levels left.
You didn't know any spells.

Dungeon Overview and Level Annotations

Branches:
Dungeon (6/15)
 Temple: D:4-7

Altars:
Ashenzari
Dithmenos
Ru
Sif Muna
Yredelemnul

Shops:
D:5 ?(:

Annotations:
D:6 Dowan, Duvessa


Innate Abilities, Weirdness & Mutations

You are too large for most types of armour.
You have claws for hands.
Your metabolism is lightning-fast.
You like to eat raw meat.
You heal very quickly.
You are covered in fur (AC +1).
You have very tough skin (AC +2).


Message History

The puff of flame misses you. Duvessa closely misses you.
Dowan points at you and mumbles some strange words.
The puff of frost hits you!
* * * LOW HITPOINT WARNING * * *
You hit Dowan. You freeze Dowan. You claw Dowan.
Dowan is moderately wounded.
Duvessa says, "Did you see that move?
Perfect!"
Duvessa hits you with a short sword!!
* * * LOW HITPOINT WARNING * * *
Dowan hits you but does no damage.
Wield which item (- for none, * to show all)? (? for menu, Esc to quit)
Okay, then.
Drink which item? (? for menu, Esc to quit)
It was a potion of curing.
You feel better.
Dowan points at you and mumbles some strange words.
The puff of frost hits you!
* * * LOW HITPOINT WARNING * * *
Duvessa misses you. Dowan closely misses you.
Duvessa hits you with a short sword!
You die...

##### ... ...# #.... ..
...# #.### .. ...# #o'..
.#...##.....##.###
....##8..%..8#o'.#
#...(##.....##.#.#
#ee..# 8...8 #.o..
#@...# ##_## ###.#
#....# ### #.#.#
#...##+##.####.#.#
#...##.##.##.....#
#######.(.##.##........#
♣...P.....##.####.......
≈♣≈≈≈...†....####....#.#
≈≈.≈.≈≈♣............##.#
≈≈≈≈≈≈≈≈♣........)).'...


You could see Duvessa and Dowan.

Vanquished Creatures
  Sigmund (D:2)
  2 phantoms
  An orc warrior (D:6)
  A sky beast (D:6)
  2 scorpions
  The ghost of Dustman the Chopper, a weakling HOGl (D:4)
  A crimson imp (D:5)
  A hound (D:6)
  A giant frog skeleton (D:5)
  Jessica (D:3)
  4 orc wizards
  Natasha (thrice) (D:3)
  7 adders
  2 oozes (D:1)
  3 worms
  4 giant geckos
  7 orcs
  13 bats
  A giant cockroach (D:1)
  6 hobgoblins
  3 jackals
  8 kobolds
  2 quokkas
  3 giant newts
  2 gnoll zombies (D:2)
  2 goblins
  10 rats
  A fungus (D:1)
93 creatures vanquished.

Notes
Turn   | Place    | Note
--------------------------------------------------------------
     0 | D:1      | kosy22 the Troll Berserker began the quest for the Orb.
     0 | D:1      | Reached XP level 1. HP: 22/22 MP: 0/0
   127 | D:1      | Reached XP level 2. HP: 22/29 MP: 1/1
  1050 | D:2      | Reached XP level 3. HP: 28/36 MP: 2/2
  1143 | D:2      | Reached ** piety under Trog
  1289 | D:2      | Noticed Sigmund
  1388 | D:2      | Killed Sigmund
  1388 | D:2      | Reached skill level 4 in Dodging
  1388 | D:2      | Reached XP level 4. HP: 36/45 MP: 3/3
  1388 | D:2      | Reached XP level 5. HP: 42/53 MP: 4/4
  1465 | D:2      | Upgraded the game from 0.17.0-7-gfadd4cc to 0.17.0-23-g0de4337
  1628 | D:2      | Found a deep blue altar of Sif Muna.
  1662 | D:2      | Found a basalt altar of Yredelemnul.
  2138 | D:3      | Noticed Natasha
  2161 | D:3      | Killed Natasha
  2384 | D:3      | Noticed Natasha
  2392 | D:3      | Killed Natasha
  2392 | D:3      | Reached XP level 6. HP: 32/61 MP: 5/5
  2470 | D:3      | Noticed Jessica
  2476 | D:3      | Killed Jessica
  2651 | D:3      | Reached *** piety under Trog
  3173 | D:3      | Noticed Natasha
  3181 | D:3      | Killed Natasha
  3271 | D:4      | Received a gift from Trog
  3388 | D:4      | Noticed Dustman's ghost (weakling HOGl)
  3401 | D:4      | Killed Dustman's ghost
  3401 | D:4      | Reached skill level 5 in Dodging
  3456 | D:4      | Found a sand-covered staircase.
  3462 | Ossuary  | Entered an ossuary
  3559 | D:4      | Found a shadowy altar of Dithmenos.
  3745 | D:4      | Reached XP level 7. HP: 61/68 MP: 6/6
  3818 | D:5      | Entered Level 5 of the Dungeon
  3875 | D:5      | Found Hain's Book Shop.
  4053 | D:5      | Found a sacrificial altar of Ru.
  4205 | D:5      | Found Wyshes's Antique Weapon Shop.
  4222 | D:5      | Found Teudupa's Magic Scroll Shop.
  4228 | D:5      | Bought a crude dagger for 203 gold pieces
  4228 | D:5      | Identified the +9 dagger of Unreason {freeze, Dex+2} (You bought it in a shop on level 5 of the Dungeon)
  4690 | D:6      | Reached skill level 5 in Unarmed Combat
  4692 | D:6      | Received a gift from Trog
  4694 | D:6      | Reached skill level 1 in Stealth
  4704 | D:6      | Found a shattered altar of Ashenzari.
  4734 | D:6      | Reached skill level 6 in Dodging
  4758 | D:6      | Noticed Dowan
  4760 | D:6      | Noticed Duvessa
  4763 | D:6      | Reached XP level 8. HP: 43/79 MP: 7/7
  4768 | D:6      | Slain by Duvessa

Action                   |  1- 3 |  4- 6 |  7- 9 || total
-------------------------+-------+-------+-------++-------
Melee: Unarmed           |   107 |   121 |    24 ||   252
       Dagger            |       |       |    46 ||    46
Throw: Large rock        |       |     5 |       ||     5
Invok: Berserk           |     2 |       |       ||     2
       Trog's Hand       |     1 |       |       ||     1
  Use: Potion            |     3 |       |     2 ||     5
       Scroll            |     1 |     1 |     1 ||     3
 Stab: Sleeping          |     1 |       |       ||     1
  Eat: Chunk             |     7 |    11 |       ||    18
       Bread ration      |     2 |     2 |     1 ||     5
       Beef jerky        |       |     1 |       ||     1
       Meat ration       |       |       |     1 ||     1
